TOP OF THE 1ST |
Fresno State University Bulldogs batting - Pitching for Stanford University Cardinal : RHP Juvas Tanuja
|
Pitching: RHP Juvas Tanuja
|
|
Batting: RHB Tony Nowak
|
0-0: Called Strike 0-1: Ball 1-1: Foul Ball, location: 2F 1-2: Ball 2-2: Foul Ball, location: 2F 2-2: Foul Ball, location: 2F 2-2: SINGLE (Groundball, 4M, EV 86.2 MPH) (infield hit)
|
Batting: LHB Ollie Strauss
|
0-0: Ball 1-0: Fly out, F7 (Flyball, 78M, EV 89.4 MPH)
|
Batting: SHB Carlton Stannard
|
0-0: Foul Ball, location: 2F 0-1: Fielders Choice at 2nd, 6-4 (Groundball, 56, EV 110.0 MPH)
|
Batting: RHB Sandy Munoz
|
0-0: Ball 1-0: Called Strike 1-1: Foul Ball, location: 2F 1-2: Fly out, F9 (Flyball, 89M, EV 86.2 MPH)
|
Top of the 1st over - 0 runs, 1 hit, 0 errors, 1 left on base; Fresno State University 0 - Stanford University 0 |
BOTTOM OF THE 1ST |
Stanford University Cardinal batting - Pitching for Fresno State University Bulldogs : RHP Dave Heck
|
Pitching: RHP Dave Heck
|
|
Batting: RHB Brian Spry
|
0-0: Ground out 4-3 (Groundball, 4, EV 101.9 MPH)
|
Batting: RHB Kaulana Kelii
|
0-0: Ball 1-0: Called Strike 1-1: Ground out 5-3 (Groundball, 56, EV 105.6 MPH)
|
Batting: LHB Jason Duda
|
0-0: Called Strike 0-1: SINGLE (Flyball, 4D, EV 86.9 MPH)
|
Batting: LHB Danny Roberts
|
0-0: Ball 1-0: Called Strike 1-1: Foul Ball, location: 2F 1-2: Fielders Choice at 2nd, U6 (Groundball, 6M, EV 97.5 MPH)
|
Bottom of the 1st over - 0 runs, 1 hit, 0 errors, 1 left on base; Fresno State University 0 - Stanford University 0 |
TOP OF THE 2ND |
Fresno State University Bulldogs batting - Pitching for Stanford University Cardinal : RHP Juvas Tanuja
|
Batting: RHB Danilo Baldia
|
0-0: Ball 1-0: Ball 2-0: Called Strike 2-1: Fly out, F8 (Flyball, 8RS, EV 90.0 MPH)
|
Batting: LHB Brad Benanti
|
0-0: SINGLE (Groundball, 25, EV 73.8 MPH) (infield hit)
|
Batting: RHB Sinfronio Carreon
|
0-0: Ball 1-0: Ball Wild Pitch! Brad Benanti to second 2-0: Ball 3-0: Called Strike 3-1: Called Strike 3-2: Base on Balls
|
Batting: RHB Ryan Roberts
|
0-0: Ball 1-0: Called Strike 1-1: Called Strike 1-2: Ball 2-2: Strikes out swinging
|
Batting: RHB Victor Rangel
|
0-0: Ball 1-0: Swinging Strike 1-1: Foul Ball, location: 2F 1-2: Ball 2-2: Foul Ball, location: 2F 2-2: Foul Ball, location: 2F 2-2: Foul Ball, location: 2F 2-2: Strikes out swinging
|
Top of the 2nd over - 0 runs, 1 hit, 0 errors, 2 left on base; Fresno State University 0 - Stanford University 0 |
BOTTOM OF THE 2ND |
Stanford University Cardinal batting - Pitching for Fresno State University Bulldogs : RHP Dave Heck
|
Batting: LHB Chien Sam
|
0-0: Fly out, F8 (Flyball, 8RXD, EV 110.0 MPH)
|
Batting: RHB John Van der Linden
|
0-0: SINGLE (Groundball, 4, EV 94.4 MPH)
|
Batting: RHB Gary Preston
|
0-0: Called Strike 0-1: Ball 1-1: Ball 2-1: Swinging Strike 2-2: Ball 3-2: Strikes out looking
|
Batting: RHB Joe Gabriel
|
0-0: Called Strike 0-1: Ball Wild Pitch! John Van der Linden to second 1-1: Ball 2-1: Foul Ball, location: 2F 2-2: Ball 3-2: Base on Balls
|
Batting: RHB Josh Benefield
|
0-0: Called Strike 0-1: Ball 1-1: Fly out, F6 (Line Drive, 6, EV 68.8 MPH)
|
Bottom of the 2nd over - 0 runs, 1 hit, 0 errors, 2 left on base; Fresno State University 0 - Stanford University 0 |
TOP OF THE 3RD |
Fresno State University Bulldogs batting - Pitching for Stanford University Cardinal : RHP Juvas Tanuja
|
Batting: RHB Tony Nowak
|
0-0: Ball 1-0: Called Strike 1-1: Ball 2-1: Foul Ball, location: 2F 2-2: Ground out 6-3 (Groundball, 6, EV 94.4 MPH)
|
Batting: LHB Ollie Strauss
|
0-0: Called Strike 0-1: Swinging Strike 0-2: Foul Ball, location: 2F 0-2: Foul Ball, location: 2F 0-2: Strikes out swinging
|
Batting: SHB Carlton Stannard
|
0-0: Called Strike 0-1: Ball 1-1: Foul Ball, location: 2F 1-2: Ball 2-2: Fly out, F7 (Flyball, 78D, EV 86.9 MPH)
|
Top of the 3rd over - 0 runs, 0 hits, 0 errors, 0 left on base; Fresno State University 0 - Stanford University 0 |
BOTTOM OF THE 3RD |
Stanford University Cardinal batting - Pitching for Fresno State University Bulldogs : RHP Dave Heck
|
Batting: RHB Brian Spry
|
0-0: Called Strike 0-1: DOUBLE (Flyball, 78XD, EV 99.4 MPH)
|
Batting: RHB Kaulana Kelii
|
0-0: Foul Ball, location: 2F 0-1: Foul Ball, location: 2F 0-2: Foul Ball, location: 2F 0-2: Foul Ball, location: 2F 0-2: Ball 1-2: Foul Ball, location: 2F 1-2: Ball 2-2: Ball 3-2: Strikes out looking
|
Batting: LHB Jason Duda
|
0-0: Ground out 1-3 (Groundball, 34S, EV 70.6 MPH) Brian Spry to third
|
Batting: LHB Danny Roberts
|
0-0: Ball Wild Pitch! Brian Spry scores 1-0: Ball 2-0: Ball 3-0: Called Strike 3-1: Called Strike 3-2: Foul Ball, location: 2F 3-2: Fly out, F7 (Line Drive, 7S, EV 86.2 MPH)
|
Bottom of the 3rd over - 1 run, 1 hit, 0 errors, 0 left on base; Fresno State University 0 - Stanford University 1 |
TOP OF THE 4TH |
Fresno State University Bulldogs batting - Pitching for Stanford University Cardinal : RHP Juvas Tanuja
|
Batting: RHB Sandy Munoz
|
0-0: Ball 1-0: Ball 2-0: Ball 3-0: Base on Balls
|
Batting: RHB Danilo Baldia
|
0-0: Ball 1-0: Fly out, F3 (Popup, 3SF, EV 75.6 MPH)
|
Batting: LHB Brad Benanti
|
0-0: 2-RUN HOME RUN (Line Drive, 89XD, EV 103.8 MPH), Distance : 429 ft
|
Batting: RHB Sinfronio Carreon
|
0-0: Called Strike 0-1: Called Strike 0-2: Ball 1-2: Ball 2-2: Strikes out looking
|
Batting: RHB Ryan Roberts
|
0-0: Ball 1-0: Foul Ball, location: 2F 1-1: Ball 2-1: Foul Ball, location: 2F 2-2: Ball 3-2: Foul Ball, location: 2F 3-2: Fly out, F9 (Flyball, 89M, EV 95.0 MPH)
|
Top of the 4th over - 2 runs, 1 hit, 0 errors, 0 left on base; Fresno State University 2 - Stanford University 1 |
BOTTOM OF THE 4TH |
Stanford University Cardinal batting - Pitching for Fresno State University Bulldogs : RHP Dave Heck
|
Batting: LHB Chien Sam
|
0-0: Ball 1-0: Fly out, F9 (Flyball, 89S, EV 95.6 MPH)
|
Batting: RHB John Van der Linden
|
0-0: Ball 1-0: Foul Ball, location: 2F 1-1: Called Strike 1-2: Ground out 4-3 (Groundball, 4, EV 78.8 MPH)
|
Batting: RHB Gary Preston
|
0-0: Foul Ball, location: 2F 0-1: Called Strike 0-2: Ball 1-2: Foul Ball, location: 2F 1-2: Strikes out swinging
|
Bottom of the 4th over - 0 runs, 0 hits, 0 errors, 0 left on base; Fresno State University 2 - Stanford University 1 |
TOP OF THE 5TH |
Fresno State University Bulldogs batting - Pitching for Stanford University Cardinal : RHP Juvas Tanuja
|
Batting: RHB Victor Rangel
|
0-0: Ball 1-0: Ball 2-0: Called Strike 2-1: Ball 3-1: Swinging Strike 3-2: Base on Balls
|
Batting: RHB Tony Nowak
|
0-0: Sac Bunt to 23 - play at first, batter OUT! 3-4 Victor Rangel to second
|
Pitching: RHP Kyle Cannon
|
|
Batting: LHB Ollie Strauss
|
0-0: Ball 1-0: Ball 2-0: Called Strike 2-1: Ball 3-1: Base on Balls
|
Batting: SHB Carlton Stannard
|
0-0: SINGLE (Flyball, 9LS, EV 89.4 MPH) Victor Rangel to third Ollie Strauss to second
|
Batting: RHB Sandy Munoz
|
0-0: Ball 1-0: Fly out, F7 (Line Drive, 7, EV 91.2 MPH)
|
Batting: RHB Danilo Baldia
|
0-0: Foul Ball, location: 2F 0-1: Called Strike 0-2: Foul Ball, location: 2F 0-2: Ball 1-2: Ball 2-2: SINGLE (Line Drive, 7LM, EV 109.4 MPH) Victor Rangel scores Ollie Strauss to third Carlton Stannard to second
|
Batting: LHB Brad Benanti
|
0-0: Ball 1-0: Fly out, F8 (Flyball, 8RXD, EV 108.8 MPH)
|
Top of the 5th over - 1 run, 2 hits, 0 errors, 3 left on base; Fresno State University 3 - Stanford University 1 |
BOTTOM OF THE 5TH |
Stanford University Cardinal batting - Pitching for Fresno State University Bulldogs : RHP Dave Heck
|
Batting: RHB Joe Gabriel
|
0-0: Ball 1-0: Ground out 6-3 (Groundball, 6, EV 111.2 MPH)
|
Batting: RHB Josh Benefield
|
0-0: Ball 1-0: Foul Ball, location: 2F 1-1: Called Strike 1-2: Foul Ball, location: 2F 1-2: Ground out 5-3 (Groundball, 56S, EV 68.1 MPH)
|
Batting: RHB Brian Spry
|
0-0: Ground out 4-3 (Groundball, 4, EV 89.4 MPH)
|
Bottom of the 5th over - 0 runs, 0 hits, 0 errors, 0 left on base; Fresno State University 3 - Stanford University 1 |
TOP OF THE 6TH |
Fresno State University Bulldogs batting - Pitching for Stanford University Cardinal : RHP Kyle Cannon
|
Batting: RHB Sinfronio Carreon
|
0-0: Foul Ball, location: 2F 0-1: Ball 1-1: Called Strike 1-2: Ground out 3-1 (Groundball, 34, EV 109.4 MPH)
|
Batting: RHB Ryan Roberts
|
0-0: Called Strike 0-1: Ball 1-1: Called Strike 1-2: Strikes out looking
|
Pitching: LHP Carlton Hookway
|
|
Batting: RHB Victor Rangel
|
0-0: Ground out 6-3 (Groundball, 6, EV 105.6 MPH)
|
Top of the 6th over - 0 runs, 0 hits, 0 errors, 0 left on base; Fresno State University 3 - Stanford University 1 |
BOTTOM OF THE 6TH |
Stanford University Cardinal batting - Pitching for Fresno State University Bulldogs : RHP Dave Heck
|
Batting: RHB Kaulana Kelii
|
0-0: Foul Ball, location: 2F 0-1: Foul Ball, location: 2F 0-2: Strikes out swinging
|
Batting: LHB Jason Duda
|
0-0: Ball 1-0: Ball 2-0: Called Strike 2-1: Swinging Strike 2-2: Ball 3-2: Base on Balls
|
Batting: LHB Danny Roberts
|
0-0: Ball 1-0: Swinging Strike 1-1: DOUBLE (Line Drive, 8RXD, EV 103.8 MPH) Jason Duda to third
|
Batting: LHB Chien Sam
|
0-0: Ball 1-0: Ball 2-0: Ball 3-0: Base on Balls
|
Pitching: RHP Alex Gutierrez
|
|
Batting: RHB John Van der Linden
|
0-0: Foul Ball, location: 2F 0-1: Ball 1-1: Foul Ball, location: 2F 1-2: Foul Ball, location: 2F 1-2: Foul Ball, location: 2F 1-2: Grounds into double play, 6-2-3 (Groundball, 56, EV 83.8 MPH)
|
Bottom of the 6th over - 0 runs, 1 hit, 0 errors, 2 left on base; Fresno State University 3 - Stanford University 1 |
TOP OF THE 7TH |
Fresno State University Bulldogs batting - Pitching for Stanford University Cardinal : LHP Carlton Hookway
|
Batting: RHB Tony Nowak
|
0-0: Called Strike 0-1: Ball 1-1: Ball 2-1: SINGLE (Line Drive, 6D, EV 96.9 MPH)
|
Batting: LHB Ollie Strauss
|
0-0: Fly out, F7 (Flyball, 7LS, EV 90.0 MPH)
|
Batting: SHB Carlton Stannard
|
0-0: Called Strike 0-1: Ball 1-1: Ball 2-1: Swinging Strike 2-2: Fly out, F9 (Line Drive, 9S, EV 98.8 MPH)
|
Batting: RHB Sandy Munoz
|
0-0: Called Strike 0-1: Called Strike Tony Nowak steals 2nd base 0-2: Ball 1-2: Ball 2-2: SINGLE (Flyball, 4MD, EV 87.5 MPH) Tony Nowak to third Runner from 3rd tries for Home, SAFE, throw by CF to home
|
Batting: RHB Danilo Baldia
|
0-0: Foul Ball, location: 2F 0-1: Fly out, F7 (Flyball, 7D, EV 97.5 MPH)
|
Top of the 7th over - 1 run, 2 hits, 0 errors, 1 left on base; Fresno State University 4 - Stanford University 1 |
BOTTOM OF THE 7TH |
Stanford University Cardinal batting - Pitching for Fresno State University Bulldogs : RHP Alex Gutierrez
|
Batting: RHB Gary Preston
|
0-0: Ball 1-0: Swinging Strike 1-1: Ball 2-1: Ball 3-1: Foul Ball, location: 2F 3-2: Strikes out swinging
|
Batting: RHB Joe Gabriel
|
0-0: Ground out 5-3 (Groundball, 56S, EV 88.1 MPH)
|
Pinch Hitting: LHB Bryan Davidson
|
0-0: Foul Ball, location: 2F 0-1: Swinging Strike 0-2: Ball 1-2: Ball 2-2: Strikes out swinging
|
Bottom of the 7th over - 0 runs, 0 hits, 0 errors, 0 left on base; Fresno State University 4 - Stanford University 1 |
TOP OF THE 8TH |
Fresno State University Bulldogs batting - Pitching for Stanford University Cardinal : LHP Carlton Hookway
|
Pitching: RHP Steven Townsend
|
|
Now at 3B: Nick Maxwell
|
|
Batting: LHB Brad Benanti
|
0-0: Ball 1-0: Single, Error in OF, E7, batter to second base (Groundball, 56D, EV 101.9 MPH)
|
Batting: RHB Sinfronio Carreon
|
0-0: Called Strike 0-1: Ball 1-1: Ball 2-1: Foul Ball, location: 2F 2-2: Ball 3-2: Ground out 4-3 (Groundball, 4, EV 79.4 MPH) Brad Benanti to third
|
Batting: RHB Ryan Roberts
|
0-0: Called Strike 0-1: Foul Ball, location: 2F 0-2: Strikes out swinging
|
Batting: RHB Victor Rangel
|
0-0: Called Strike 0-1: Foul Ball, location: 2F 0-2: Ball 1-2: Foul Ball, location: 2F 1-2: 2-RUN HOME RUN (Flyball, 7D, EV 101.2 MPH), Distance : 394 ft
|
Batting: RHB Tony Nowak
|
0-0: Swinging Strike 0-1: Foul Ball, location: 2F 0-2: Ball 1-2: DOUBLE (Line Drive, 89M, EV 112.5 MPH)
|
Pitching: RHP Cam Hurley
|
|
Batting: LHB Ollie Strauss
|
0-0: Fly out, F9 (Flyball, 9, EV 91.9 MPH)
|
Top of the 8th over - 2 runs, 3 hits, 1 error, 1 left on base; Fresno State University 6 - Stanford University 1 |
BOTTOM OF THE 8TH |
Stanford University Cardinal batting - Pitching for Fresno State University Bulldogs : RHP Alex Gutierrez
|
Pitching: LHP Jason Campbell
|
|
Batting: RHB Brian Spry
|
0-0: Fly out, F7 (Flyball, 7S, EV 78.1 MPH)
|
Batting: RHB Kaulana Kelii
|
0-0: Ball 1-0: Called Strike 1-1: Ball 2-1: Fly out, F8 (Flyball, 8RM, EV 84.4 MPH)
|
Batting: LHB Jason Duda
|
0-0: Ground out U3 (Groundball, 3, EV 90.6 MPH)
|
Bottom of the 8th over - 0 runs, 0 hits, 0 errors, 0 left on base; Fresno State University 6 - Stanford University 1 |
TOP OF THE 9TH |
Fresno State University Bulldogs batting - Pitching for Stanford University Cardinal : RHP Cam Hurley
|
Batting: SHB Carlton Stannard
|
0-0: Ball 1-0: Foul Ball, location: 2F 1-1: Foul Ball, location: 2F 1-2: Ball 2-2: Fly out, F8 (Flyball, 8LM, EV 88.1 MPH)
|
Batting: RHB Sandy Munoz
|
0-0: Ball 1-0: Foul Ball, location: 2F 1-1: Ball 2-1: Swinging Strike 2-2: Foul Ball, location: 2F 2-2: SOLO HOME RUN (Flyball, 7D, EV 95.6 MPH), Distance : 383 ft
|
Batting: RHB Danilo Baldia
|
0-0: Called Strike 0-1: Ball 1-1: Ball 2-1: Fly out, F7 (Flyball, 7D, EV 100.6 MPH)
|
Batting: LHB Brad Benanti
|
0-0: Ball 1-0: Foul Ball, location: 2F 1-1: Foul Ball, location: 2F 1-2: Foul Ball, location: 2F 1-2: Fly out, F8 (Flyball, 78D, EV 96.2 MPH)
|
Top of the 9th over - 1 run, 1 hit, 0 errors, 0 left on base; Fresno State University 7 - Stanford University 1 |
BOTTOM OF THE 9TH |
Stanford University Cardinal batting - Pitching for Fresno State University Bulldogs : LHP Jason Campbell
|
Batting: LHB Danny Roberts
|
0-0: Ball 1-0: Ground out 5-3 (Groundball, 56S, EV 70.6 MPH)
|
Batting: LHB Chien Sam
|
0-0: Called Strike 0-1: Foul Ball, location: 2F 0-2: Ball 1-2: Ball 2-2: Foul Ball, location: 2F 2-2: Foul Ball, location: 2F 2-2: Ball 3-2: Foul Ball, location: 2F 3-2: Ground out 6-3 (Groundball, 6, EV 79.4 MPH)
|
Batting: RHB John Van der Linden
|
0-0: Called Strike 0-1: Foul Ball, location: 2F 0-2: Reached on error, E6 (Groundball, 6S, EV 67.5 MPH)
|
Batting: RHB Gary Preston
|
0-0: Called Strike 0-1: Ball 1-1: Swinging Strike 1-2: Ball 2-2: Ball 3-2: Foul Ball, location: 2F 3-2: Fly out, F7 (Flyball, 78S, EV 85.0 MPH)
|
Bottom of the 9th over - 0 runs, 0 hits, 1 error, 1 left on base; Fresno State University 7 - Stanford University 1 |
|